 Dungeon Crawl Stone Soup version 0.21-a0-513-gdcb3f5e (webtiles) character file.

102 Spazmo the Firebug (level 4, -2/24 HPs)
             Began as a Deep Elf Fire Elementalist on Dec 2, 2017.
             Slain by a scorpion (10 damage)
             ... on level 3 of the Dungeon.
             The game lasted 00:04:58 (2043 turns).

Spazmo the Firebug (Deep Elf Fire Elementalist)     Turns: 2043, Time: 00:04:59

Health: -2/24      AC:  3    Str:  5    XL:     4   Next: 50%
Magic:  2/11       EV: 13    Int: 24    God:
Gold:   118        SH:  5    Dex: 15    Spells: 4/10 levels left

rFire    . . .     SeeInvis .   p - +1 dagger (speed)
rCold    . . .     Gourm    .   j - +1 buckler
rNeg     . . .     Faith    .   a - +0 robe
rPois    .         Spirit   .   o - +0 helmet
rElec    .         Reflect  .   r - scarf {repulsion}
rCorr    .         Harm     .   (no gloves)
MR       .....                  (no boots)
Stlth    ++........             (no amulet)
HPRegen  0.08/turn              e - +3 ring of intelligence
MPRegen  0.12/turn              (no ring)

@: very slightly contaminated, repel missiles
A: no striking features
a: no special abilities


You were on level 3 of the Dungeon.
You were not hungry.

You visited 1 branch of the dungeon, and saw 3 of its levels.

You collected 118 gold pieces.

Inventory:

Hand Weapons
 p - a +1 dagger of speed (weapon)
Missiles
 h - 48 stones (quivered)
 s - 29 poisoned needles
Armour
 a - a +0 robe (worn)
 j - a +1 buckler (worn)
 o - a +0 helmet (worn)
 r - a scarf of repulsion (worn)
Jewellery
 e - a +3 ring of intelligence (left hand)
Scrolls
 g - 3 scrolls of identify
 l - a scroll of random uselessness {unknown}
 n - 2 scrolls of remove curse
 q - 2 scrolls of amnesia {unknown}
Potions
 f - a potion of flight
 i - 2 potions of heal wounds
 k - a potion of ambrosia {unknown}
 m - a potion of curing
Books
 b - a book of Flames

   Spells                             Type                      Level
   a - Flame Tongue                   Conjuration/Fire             1
   b - Throw Flame                    Conjuration/Fire             2
   c - Conjure Flame                  Conjuration/Fire             3
   d - Inner Flame                    Hexes/Fire                   3
   e - Sticky Flame                   Conjuration/Fire             4
   f - Fireball                       Conjuration/Fire             5
Comestibles
 c - a bread ration
 d - a royal jelly
 t - 2 chunks of flesh


   Skills:
 - Level 3.0 Dodging
 - Level 3.0 Stealth
 + Level 1.1 Shields
 + Level 3.9 Spellcasting
 + Level 2.3 Conjurations
 + Level 4.0 Fire Magic


You had 4 spell levels left.
You knew the following spells:

 Your Spells              Type           Power        Failure   Level  Hunger
a - Flame Tongue          Conj/Fire      ###..        3%          1    None
b - Throw Flame           Conj/Fire      ###...       5%          2    #......
c - Conjure Flame         Conj/Fire      ###.....     11%         3    ##.....


Dungeon Overview and Level Annotations

Branches:
Dungeon (3/15)

Altars:
Dithmenos
Elyvilon
Makhleb
Yredelemnul


Message History

Aim: a centaur, wielding a shortbow of flaming (severely wounded)
You miscast Flame Tongue.
You are very lightly contaminated with residual magic.
Wisps of smoke drift from your hands.
A bat comes into view.
Casting: Flame Tongue
Confirm with . or Enter, or press ? or * to list all spells.
Aiming: Flame Tongue
Press: ? - help, Shift-Dir - straight line, f/p - centaur
Aim: a centaur, wielding a shortbow of flaming (severely wounded)
The flame tongue hits the scorpion.
The scorpion is moderately wounded.
You block the scorpion's attack.
Casting: Flame Tongue
Confirm with . or Enter, or press ? or * to list all spells.
Aiming: Flame Tongue
Press: ? - help, Shift-Dir - straight line, f/p - centaur
Aim: a centaur, wielding a shortbow of flaming (heavily wounded)
You miscast Flame Tongue.
Nothing appears to happen.
The scorpion stings you!
You die... .. ..# .####+#.. .......## ....... ..... .cb

#s# #@# ###### #.#
.....###########.#
.....#...........#
.....#...........##.#
.....').............#
....[#................
.....#...........#####
.....#...........#


You could see a centaur, a scorpion and a bat.

Vanquished Creatures
  A hound (D:2)
  2 adders
  An ooze (D:2)
  4 leopard geckos
  An orc (D:3)
  A ball python (D:1)
  2 giant cockroaches (D:1)
  5 goblins
  7 hobgoblins
  6 kobolds
  3 bats (D:1)
  3 frilled lizards (D:1)
  5 rats
41 creatures vanquished.

Notes
Turn   | Place    | Note
-------+----------+-------------------------------------------
     0 | D:1      | Spazmo the Deep Elf Fire Elementalist began the quest for the Orb.
     0 | D:1      | Reached XP level 1. HP: 10/10 MP: 6/6
   163 | D:1      | Reached XP level 2. HP: 5/15 MP: 0/8
   167 | D:1      | Learned a level 2 spell: Throw Flame
   667 | D:1      | Reached XP level 3. HP: 18/19 MP: 6/9
   672 | D:1      | Learned a level 3 spell: Conjure Flame
  1131 | D:2      | Found a burning altar of Makhleb.
  1141 | D:2      | Reached XP level 4. HP: 21/24 MP: 4/11
  1274 | D:2      | Reached skill level 1 in Shields
  1527 | D:2      | Found a faded altar of an unknown god.
  1527 | D:2      | Found a shadowy altar of Dithmenos.
  1532 | D:2      | Found a white marble altar of Elyvilon.
  1534 | D:2      | Found a faded altar of an unknown god.
  1536 | D:2      | Found a basalt altar of Yredelemnul.
  1982 | D:3      | Reached skill level 4 in Fire Magic
  2036 | D:3      | Noticed a centaur
  2043 | D:3      | Slain by a scorpion

Vault maps used:
D:1:      giann_wishing_wells, minmay_small_reverse_x
D:2:      chequers_temple_overflow_minitemple, makhleb_heckhound_becter
D:3:      cheibriados_altar_1, portal_sewer_entry_b,
          chequers_ecumenical_altar_simple, corexii_leaking_fountain,
          bh_walls_and_bars

Skill      XL: |  1  2  3  4 |
---------------+-------------+-----
Stealth        | 3 |  3.0
Dodging        | 3 |  3.0
Conjurations   | 2 |  2.3
Shields        | 1 |  1.1
Fire Magic     | 4 |  4.0
Spellcasting   | |  3.9

Action                   |  1- 3 |  4- 6 || total
-------------------------+-------+-------++-------
Melee: Dagger            |     7 |       ||     7
 Cast: Flame Tongue      |    61 |    30 ||    91
  Use: Scroll            |     3 |       ||     3
       Potion            |     1 |     1 ||     2
  Eat: Royal jelly       |       |     1 ||     1
       Chunk             |       |     1 ||     1
Armor: Robe              |    10 |     4 ||    14
Dodge: Dodged            |    25 |     7 ||    32
       Deflected         |       |     1 ||     1
Block: Buckler           |     6 |     2 ||     8

Table legend:
 A = Spawn XP
 B = Non-spawn XP
 C = Spawn XP percentage of total XP
 D = Spawn monster count
 E = Non-spawn monster count
 F = Spawn count percentage of total count
 G = Total turns spent on level
                    A         B        C        D         E        F      G
               +---------+---------+-------+---------+---------+-------+---------
         Total |       0 |     147 |   0.0 |       0 |      41 |   0.0 |  2043
               +---------+---------+-------+---------+---------+-------+---------
           D:1 |       0 |      44 |   0.0 |       0 |      25 |   0.0 |   827
           D:2 |       0 |      73 |   0.0 |       0 |       7 |   0.0 |   940
           D:3 |       0 |      30 |   0.0 |       0 |       9 |   0.0 |   276
               +---------+---------+-------+---------+---------+-------+---------
